AoeStats
← Fulcrum

Arabia

509942462Analyzed
1v1 RM · 3d ago on Sep 28, 2026· 28m 42s· 2 players
Game mode
Random Map
Map size
Tiny (2 player)
Population
200
Speed
Normal
Resources
Standard
Victory
Conquest
Starting age
Dark Age
Ending age
Imperial Age
RankedLock teamsTeams togetherTeam positionsShared explorationLock speedFull tech treeHidden civsTurbo modeCheats
Victory
Defeat
🇺🇸 Spanish · United States
1142
+17
🇮🇹 Mongols · Italy
1169
-17
Herbert Prohaska
6:23 Loom
8:22 Feudal Age
11:58 Scale Barding Armor
13:59 Horse Collar
16:30 Double-Bit Axe
16:39 Gold Mining
20:59 Castle Age
19:11 Fletching
19:37 Padded Archer Armor
21:36 Bodkin Arrow
22:31 Leather Archer Armor
Fulcrum
12:02 Feudal Age
10:18 Loom
16:54 Castle Age
17:49 Double-Bit Axe
Connection lost

Rejoining the realm…

Still unreachable

The connection could not be restored.

Session expired

The server has moved on; the page needs a fresh start.